[Event "VII Famalicao Open 2019"]
[Site "Famalicao"]
[Date "2019.07.29"]
[Round "3.14"]
[White "Branco, Ricardo Joao"]
[Black "Filipe, Guilherme Castro"]
[Result "1/2-1/2"]
[ECO "D37"]
[WhiteElo "1864"]
[BlackElo "1208"]
[Annotator "NA RC"]
[PlyCount "79"]
[EventDate "2019.07.28"]
[EventType "swiss"]
[EventCountry "POR"]
[SourceTitle "playchess.com"]
[Source "ChessBase"]
[SourceQuality "1"]
[TimeControl "5400+30"]

1. d4 d5 2. c4 e6 3. Nc3 Be7 4. Nf3 Nf6 5. Bf4 O-O 6. e3 Nbd7 7. h3 dxc4 {[%emt 0:06:36] D37: Queen's Gambit Declined: 5 Bf4} 8. Bxc4 c5 9. O-O Nb6 $146 (9... cxd4 $11 10. Qxd4 (10. exd4 Nb6 $11) 10... Nb6) ({Predecessor:} 9... a6 10. a4 cxd4 11. Qxd4 b6 12. Rfd1 Bb7 13. Ne5 Bc5 14. Qd3 Nxe5 15. Bxe5 {½-½ (47) Kretchetov,A (2343)-Hess,R (2624) Los Angeles 2012}) 10. Bb3 Nbd5 11. Bh2 cxd4 12. Nxd5 Nxd5 13. e4 Nf6 14. e5 Nd5 15. Nxd4 Bc5 16. Rc1 b6 17. Rxc5 $2 (17. Nf5 $11) 17... bxc5 18. Nb5 Ba6 19. Bc4 Bxb5 20. Bxb5 Rb8 21. Qe2 Qb6 22. Bd3 Qxb2 23. Qe4 g6 24. Bg3 Qd4 25. Qf3 c4 26. Be4 h5 27. Rd1 Qc3 $11 (27... Qc5 $19 28. Bxd5 exd5) 28. Bxd5 Qxf3 29. Bxf3 Rb2 30. Rd7 Rxa2 31. Rc7 Ra4 32. Bh4 c3 33. Bf6 a5 34. Rxc3 Ra1+ 35. Kh2 Rb1 36. Rc7 a4 37. Ra7 Ra1 38. Be4 a3 39. Be7 Rb8 40. Rxa3 1/2-1/2

[Event "VII Famalicao Open 2019"]
[Site "Famalicao"]
[Date "2019.07.30"]
[Round "4.4"]
[White "Petkov, Vladimir"]
[Black "Vassallo Barroche, Mauricio"]
[Result "1/2-1/2"]
[ECO "D37"]
[WhiteElo "2497"]
[BlackElo "2380"]
[Annotator "ChessBase"]
[PlyCount "108"]
[EventDate "2019.07.28"]
[EventType "swiss"]
[EventCountry "POR"]
[SourceTitle "playchess.com"]
[Source "ChessBase"]
[SourceQuality "1"]
[TimeControl "5400+30"]

1. d4 Nf6 2. c4 e6 3. Nc3 d5 4. Nf3 Be7 5. g3 O-O 6. Bg2 c6 7. Qd3 dxc4 8. Qxc4 b5 9. Qd3 Ba6 10. Ne4 Nbd7 11. O-O Qb6 12. Bg5 Rfd8 13. Qc2 Rac8 14. Ne5 c5 15. Nxd7 Rxd7 16. Bxf6 cxd4 17. Qd2 Bxf6 18. Nxf6+ gxf6 19. Qh6 Qd8 20. Be4 f5 21. Bxf5 exf5 22. Qxa6 Rc5 23. Rfd1 Qe7 24. Rd2 f4 25. Rad1 fxg3 26. hxg3 Qe4 27. Qh6 Rf5 28. Rc1 Rd8 29. b4 Qe7 30. a3 Re5 31. Qf4 Qd6 32. Qg4+ Kf8 33. Rd3 h5 34. Qf3 Qe7 35. Rc2 h4 36. Qf4 Rxe2 37. Qh6+ Kg8 38. Rxe2 Qxe2 39. Qg5+ Kh7 40. Qxh4+ Kg6 41. Rxd4 Rxd4 42. Qxd4 a6 43. Qd6+ f6 44. Qd5 Kg7 45. Kg2 Qg4 46. f3 Qc8 47. g4 Qc2+ 48. Kg3 Qc7+ 49. f4 Qc3+ 50. Kh4 Qe1+ 51. Kh5 Qe8+ 52. Kh4 Qe1+ 53. Kh5 Qe8+ 54. Kh4 Qe1+ 1/2-1/2

[Event "VII Famalicao Open 2019"]
[Site "Famalicao"]
[Date "2019.07.30"]
[Round "4.9"]
[White "Dumont, Andre"]
[Black "Fidalgo, Andre Neves"]
[Result "0-1"]
[ECO "A48"]
[WhiteElo "1948"]
[BlackElo "2262"]
[Annotator "RC"]
[PlyCount "48"]
[EventDate "2019.07.28"]
[EventType "swiss"]
[EventCountry "POR"]
[SourceTitle "playchess.com"]
[Source "ChessBase"]
[SourceQuality "1"]
[TimeControl "5400+30"]

1. d4 Nf6 2. Nf3 g6 3. b3 c5 4. e3 cxd4 5. exd4 Bg7 6. Bb2 d5 7. Be2 O-O 8. O-O Nc6 9. Nbd2 Bf5 10. a3 Rc8 11. Rc1 Ne4 12. c4 dxc4 13. Nxc4 Be6 14. b4 Bxc4 15. Bxc4 e6 16. Ne5 Nxe5 17. dxe5 Nd2 18. Bxe6 Rxc1 19. Bxf7+ Kxf7 20. Qxc1 Nxf1 21. Qc4+ Ke8 22. Qb5+ Qd7 23. Qxd7+ Kxd7 24. e6+ Ke7 0-1

[Event "VII Famalicao Open 2019"]
[Site "Famalicao"]
[Date "2019.07.30"]
[Round "4.11"]
[White "Pinho, Paulo"]
[Black "Ribeiro, Bruno"]
[Result "1-0"]
[ECO "D02"]
[WhiteElo "2200"]
[BlackElo "2102"]
[Annotator "ChessBase"]
[PlyCount "63"]
[EventDate "2019.07.28"]
[EventType "swiss"]
[EventCountry "POR"]
[SourceTitle "playchess.com"]
[Source "ChessBase"]
[SourceQuality "1"]
[TimeControl "5400+30"]

1. d4 d5 2. Nf3 Nf6 3. c4 e6 4. g3 c6 5. Bg2 Be7 6. O-O O-O 7. Qc2 b6 8. Rd1 Bb7 9. b3 Na6 10. Nc3 Nb4 11. Qb1 c5 12. a3 Na6 13. Bb2 Nc7 14. cxd5 exd5 15. e4 Nxe4 16. Nxe4 dxe4 17. dxc5 Qc8 18. Ne5 e3 19. c6 exf2+ 20. Kh1 Ba6 21. Qc2 f1=Q+ 22. Bxf1 Bxf1 23. Rxf1 Ne6 24. Qc4 Bd6 25. Nd7 Bc5 26. Qd5 Re8 27. b4 Bf8 28. b5 Qd8 29. Qh5 Re7 30. Rad1 Qc8 31. Be5 Nd8 32. Nxf8 1-0

[Event "VII Famalicao Open 2019"]
[Site "Famalicao"]
[Date "2019.07.30"]
[Round "4.12"]
[White "Santos, Jose Guilherme B Lim"]
[Black "Demyanchuk, Sergey"]
[Result "1-0"]
[ECO "A06"]
[WhiteElo "2155"]
[BlackElo "1836"]
[Annotator "RC"]
[PlyCount "73"]
[EventDate "2019.07.28"]
[EventType "swiss"]
[EventCountry "POR"]
[SourceTitle "playchess.com"]
[Source "ChessBase"]
[SourceQuality "1"]
[TimeControl "5400+30"]

1. Nf3 d5 2. g3 Nf6 3. Bg2 e6 4. O-O Be7 5. c4 c6 6. b3 O-O 7. Bb2 Nbd7 8. d3 b6 9. Qc2 Bb7 10. e4 Rc8 11. e5 Ng4 12. h3 Nh6 13. g4 f5 14. Nd4 Nxe5 15. Nxe6 Qd6 16. Nxf8 Rxf8 17. f4 Ng6 18. g5 Nf7 19. Qf2 dxc4 20. dxc4 Qd3 21. Qd2 Bc5+ 22. Kh1 Qg3 23. Rf3 Qh4 24. Qc3 Nge5 25. fxe5 Nxg5 26. Nd2 Nxf3 27. Nxf3 Qh6 28. Rd1 f4 29. b4 Be7 30. Rd7 Bc8 31. Rxe7 Bxh3 32. Kg1 Bxg2 33. Kxg2 Qg6+ 34. Kf1 Qg3 35. e6 Qh3+ 36. Ke1 Qh1+ 37. Kf2 1-0

[Event "VII Famalicao Open 2019"]
[Site "Famalicao"]
[Date "2019.07.30"]
[Round "4.13"]
[White "Tadevosyan, Aspet"]
[Black "Da Silva, Tiago Henrique Amaro"]
[Result "1-0"]
[ECO "D35"]
[WhiteElo "2144"]
[BlackElo "2080"]
[Annotator "ChessBase"]
[PlyCount "59"]
[EventDate "2019.07.28"]
[EventType "swiss"]
[EventCountry "POR"]
[SourceTitle "playchess.com"]
[Source "ChessBase"]
[SourceQuality "1"]
[TimeControl "5400+30"]

1. d4 d5 2. c4 e6 3. Nc3 Nf6 4. cxd5 exd5 5. Bg5 Be7 6. e3 c6 7. Bd3 O-O 8. Nge2 Nbd7 9. Qc2 Re8 10. O-O Nf8 11. f3 g6 12. Rae1 Ne6 13. Bh4 a6 14. Bf2 c5 15. dxc5 Nxc5 16. Nd4 b5 17. Nc6 Qc7 18. Nxe7+ Qxe7 19. Ne2 Nxd3 20. Qxd3 Bf5 21. Qd2 Rac8 22. Nd4 Bd7 23. Qa5 Kg7 24. Rc1 Rxc1 25. Rxc1 Rc8 26. Re1 Qd8 27. Qxa6 Ra8 28. Qd6 Rxa2 29. Bh4 Ne8 30. Qe5+ 1-0

[Event "VII Famalicao Open 2019"]
[Site "Famalicao"]
[Date "2019.07.30"]
[Round "4.14"]
[White "Andrade, Ricardo Sarmento"]
[Black "Rodrigues, Afonso"]
[Result "0-1"]
[ECO "D10"]
[WhiteElo "1744"]
[BlackElo "2134"]
[Annotator "ChessBase"]
[PlyCount "84"]
[EventDate "2019.07.28"]
[EventType "swiss"]
[EventCountry "POR"]
[SourceTitle "playchess.com"]
[Source "ChessBase"]
[SourceQuality "1"]
[TimeControl "5400+30"]

1. d4 d5 2. c4 c6 3. cxd5 cxd5 4. Nc3 Nf6 5. Bf4 Nc6 6. e3 a6 7. Be2 Bf5 8. Nf3 e6 9. Qb3 Bb4 10. a3 Bxc3+ 11. bxc3 Qe7 12. c4 dxc4 13. Qxc4 O-O 14. O-O Rfc8 15. Rfc1 Nd5 16. Bg3 b5 17. Qa2 Na5 18. Qb2 Nb6 19. Qb4 Qxb4 20. axb4 Nb3 21. Rxc8+ Rxc8 22. Re1 Nc1 23. Bd6 Rc2 24. Bf1 Bd3 25. Bc5 Nd5 26. h3 Bxf1 27. Rxf1 Ne2+ 28. Kh2 Rc1 29. Rxc1 Nxc1 30. Ne5 f6 31. Nc6 Nd3 32. e4 Nc3 33. f3 f5 34. exf5 exf5 35. Ne7+ Kf7 36. Nxf5 Nd5 37. Nd6+ Ke6 38. Ne8 g6 39. g3 N5xb4 40. Bb6 Nd5 41. Nc7+ Nxc7 42. Bxc7 b4 0-1

[Event "VII Famalicao Open 2019"]
[Site "Famalicao"]
[Date "2019.07.31"]
[Round "5.4"]
[White "Vassallo Barroche, Mauricio"]
[Black "Galego, Luis"]
[Result "1/2-1/2"]
[ECO "E10"]
[WhiteElo "2380"]
[BlackElo "2513"]
[Annotator "ChessBase"]
[PlyCount "30"]
[EventDate "2019.07.28"]
[EventType "swiss"]
[EventCountry "POR"]
[SourceTitle "playchess.com"]
[Source "ChessBase"]
[SourceQuality "1"]
[TimeControl "5400+30"]

1. d4 Nf6 2. c4 e6 3. Nf3 d5 4. g3 Bb4+ 5. Bd2 Be7 6. Bg2 c6 7. Qc2 O-O 8. O-O b6 9. Bf4 Bb7 10. Rd1 Nh5 11. Bc1 Nf6 12. Bf4 Nh5 13. Bc1 Nf6 14. Bf4 Nh5 15. Bc1 Nf6 1/2-1/2

[Event "VII Famalicao Open 2019"]
[Site "Famalicao"]
[Date "2019.07.31"]
[Round "5.7"]
[White "Fidalgo, Andre Neves"]
[Black "Fernandes, Ricardo Paulos"]
[Result "1-0"]
[ECO "D70"]
[WhiteElo "2262"]
[BlackElo "2007"]
[Annotator "NA"]
[PlyCount "55"]
[EventDate "2019.07.28"]
[EventType "swiss"]
[EventCountry "POR"]
[SourceTitle "playchess.com"]
[Source "ChessBase"]
[SourceQuality "1"]
[TimeControl "5400+30"]

1. d4 Nf6 2. c4 g6 3. Nf3 Bg7 4. g3 O-O 5. Bg2 d6 6. O-O c6 7. Nc3 Nbd7 8. Qc2 e5 9. Rd1 Qc7 10. e4 h6 11. b3 exd4 12. Nxd4 Re8 13. h3 a5 14. Bf4 Nh5 15. Be3 Nc5 16. g4 Nf6 17. Bf4 Bd7 18. Rab1 Rad8 19. a3 Bc8 20. b4 axb4 21. axb4 Ne6 22. Nxe6 Rxe6 23. c5 Ne8 24. cxd6 Qd7 25. Na4 Nxd6 26. Nc5 Qe7 27. Nxe6 Bxe6 28. Qd2 1-0

[Event "VII Famalicao Open 2019"]
[Site "Famalicao"]
[Date "2019.07.31"]
[Round "5.8"]
[White "Fidalgo, Daniel"]
[Black "Pinho, Paulo"]
[Result "1/2-1/2"]
[ECO "A15"]
[WhiteElo "2087"]
[BlackElo "2200"]
[Annotator "NA"]
[PlyCount "82"]
[EventDate "2019.07.28"]
[EventType "swiss"]
[EventCountry "POR"]
[SourceTitle "playchess.com"]
[Source "ChessBase"]
[SourceQuality "1"]
[TimeControl "5400+30"]

1. c4 Nf6 2. g3 g6 3. Bg2 Bg7 4. Nc3 O-O 5. e4 c5 6. Nge2 Nc6 7. O-O d6 8. d3 a6 9. h3 Rb8 10. Be3 b5 11. b3 Ne8 12. Rc1 Nc7 13. cxb5 axb5 14. d4 b4 15. Nd5 Nxd5 16. exd5 Nxd4 17. Nxd4 cxd4 18. Bxd4 Bxd4 19. Qxd4 Qa5 20. Qd2 Ra8 21. Rfe1 Re8 22. Rc4 Qxa2 23. Qxa2 Rxa2 24. Rxb4 e5 25. Rb6 Ra6 26. Rc6 Kf8 27. Rec1 Bb7 28. Rxa6 Bxa6 29. Rc6 Bd3 30. Rxd6 Rb8 31. Rd7 Rxb3 32. d6 Rb1+ 33. Kh2 Bf5 34. Re7 Be6 35. Bc6 Rb8 36. Bd7 Bxd7 37. Rxd7 Kg7 38. Kg2 Kf6 39. Kf3 Rb4 40. Ke3 h5 41. h4 Ke6 {[%emt 0:02:04] Ke4} 1/2-1/2

[Event "VII Famalicao Open 2019"]
[Site "Famalicao"]
[Date "2019.07.31"]
[Round "5.9"]
[White "Fernandes, Joao Pedro"]
[Black "Santos, Jose Guilherme B Lim"]
[Result "0-1"]
[ECO "B90"]
[WhiteElo "2080"]
[BlackElo "2155"]
[Annotator "ChessBase"]
[PlyCount "100"]
[EventDate "2019.07.28"]
[EventType "swiss"]
[EventCountry "POR"]
[SourceTitle "playchess.com"]
[Source "ChessBase"]
[SourceQuality "1"]
[TimeControl "5400+30"]

1. e4 c5 2. Nf3 d6 3. d4 cxd4 4. Nxd4 Nf6 5. Nc3 a6 6. h3 e6 7. g4 Be7 8. g5 Nfd7 9. Be3 Nc6 10. h4 Qc7 11. Qd2 b5 12. Nxc6 Qxc6 13. a3 Bb7 14. O-O-O O-O-O 15. Bd4 Rhg8 16. Rh3 Kb8 17. Kb1 Nc5 18. Bg2 f5 19. gxf6 Bxf6 20. Bxf6 gxf6 21. Bh1 Qd7 22. b4 e5 23. Re3 Ne6 24. Ne2 Rg4 25. Ng3 Nf4 26. Bf3 Rxh4 27. Nf5 Rh2 28. Qe1 d5 29. Qg1 Rh3 30. Qg4 h5 31. Qg1 Qe6 32. Bg2 Rg8 33. Rxh3 Nxh3 34. Qf1 Nf4 35. Bh3 Rg5 36. exd5 Bxd5 37. Ne3 Qxh3 38. Qxh3 Nxh3 39. Nxd5 Nxf2 40. Rf1 Ne4 41. Kc1 f5 42. Ne7 Ng3 43. Rd1 e4 44. Rd7 f4 45. Nc6+ Kc8 46. Re7 Rg6 47. Ne5 Rd6 48. Nf7 Rd7 49. Re8+ Kc7 50. Ng5 Rd4 0-1

[Event "VII Famalicao Open 2019"]
[Site "Famalicao"]
[Date "2019.07.31"]
[Round "5.10"]
[White "Romano, Joao"]
[Black "Tadevosyan, Aspet"]
[Result "*"]
[ECO "B92"]
[WhiteElo "2053"]
[BlackElo "2144"]
[Annotator "NA"]
[PlyCount "24"]
[EventDate "2019.07.28"]
[EventType "swiss"]
[EventCountry "POR"]
[SourceTitle "playchess.com"]
[Source "ChessBase"]
[SourceQuality "1"]
[TimeControl "5400+30"]

1. e4 c5 2. Nf3 d6 3. d4 cxd4 4. Nxd4 Nf6 5. Nc3 a6 6. Be2 e5 7. Nf3 Be7 8. O-O O-O 9. h3 b5 10. a3 Bb7 11. Bd3 Nbd7 12. Re1 Rc8 *

[Event "VII Famalicao Open 2019"]
[Site "Famalicao"]
[Date "2019.07.31"]
[Round "5.10"]
[White "Soares, Sara"]
[Black "Tadevosyan, Aspet"]
[Result "0-1"]
[ECO "B92"]
[WhiteElo "1583"]
[BlackElo "2144"]
[Annotator "ChessBase"]
[PlyCount "96"]
[EventDate "2019.07.28"]
[EventType "swiss"]
[EventCountry "POR"]
[SourceTitle "playchess.com"]
[Source "ChessBase"]
[SourceQuality "1"]
[TimeControl "5400+30"]

1. e4 c5 2. Nf3 d6 3. d4 cxd4 4. Nxd4 Nf6 5. Nc3 a6 6. Be2 e5 7. Nf3 Be7 8. O-O O-O 9. h3 b5 10. a3 Bb7 11. Bd3 Nbd7 12. Re1 Rc8 13. Be3 h6 14. Nh4 d5 15. exd5 Nxd5 16. Nxd5 Bxh4 17. Be4 Kh8 18. Qh5 Bxd5 19. Bxd5 Nf6 20. Qxh4 Nxd5 21. Qe4 Nxe3 22. Qxe3 f6 23. c3 Qd5 24. Rad1 Qb3 25. Rd2 Rcd8 26. Red1 Qxd1+ 27. Rxd1 Rxd1+ 28. Kh2 Rfd8 29. Qb6 R1d6 30. Qc5 Rd2 31. Qb6 R8d6 32. Qb7 Kh7 33. Qe4+ Kh8 34. Qb7 Rd8 35. Qb6 Kh7 36. Qc7 R8d6 37. Qc5 R6d3 38. Qc6 Re2 39. Qe6 Rxf2 40. Qc6 Rdd2 41. b4 f5 42. Qe6 Rxg2+ 43. Kh1 Rgf2 44. Kg1 e4 45. Qe5 Rf3 46. Qc5 e3 47. Qc6 e2 48. Qe6 Rf1+ 0-1

[Event "VII Famalicao Open 2019"]
[Site "Famalicao"]
[Date "2019.07.31"]
[Round "5.11"]
[White "Rodrigues, Afonso"]
[Black "Monteiro, Jose Macedo"]
[Result "1-0"]
[ECO "A45"]
[WhiteElo "2134"]
[BlackElo "1851"]
[Annotator "NA"]
[PlyCount "55"]
[EventDate "2019.07.28"]
[EventType "swiss"]
[EventCountry "POR"]
[SourceTitle "playchess.com"]
[Source "ChessBase"]
[SourceQuality "1"]
[TimeControl "5400+30"]

1. d4 Nf6 2. Bf4 c5 3. c3 cxd4 4. cxd4 Qa5+ 5. Nc3 Nc6 6. Nf3 d6 7. a3 Bg4 8. b4 Qf5 9. Bg3 e5 10. d5 Bxf3 11. exf3 Nd4 12. Bd3 Qd7 13. O-O Rc8 14. Ne2 Nxe2+ 15. Qxe2 Be7 16. Bb5 Rc6 17. dxc6 bxc6 18. Ba4 O-O 19. Rac1 Rc8 20. Rc2 Nh5 21. Rfc1 Bg5 22. Rd1 Qe6 23. Rxc6 Rd8 24. Qc4 Qe7 25. Rc7 Qf6 26. Bb3 Rf8 27. Qd5 Bf4 28. Qxd6 1-0

[Event "VII Famalicao Open 2019"]
[Site "Famalicao"]
[Date "2019.07.31"]
[Round "5.12"]
[White "Romano, Joao"]
[Black "Rego, Pedro Filipe"]
[Result "1/2-1/2"]
[ECO "A46"]
[WhiteElo "2053"]
[BlackElo "2249"]
[Annotator "ChessBase"]
[PlyCount "126"]
[EventDate "2019.07.28"]
[EventType "swiss"]
[EventCountry "POR"]
[SourceTitle "playchess.com"]
[Source "ChessBase"]
[SourceQuality "1"]
[TimeControl "5400+30"]

1. d4 Nf6 2. Nf3 c5 3. c4 cxd4 4. Nxd4 Nc6 5. Nc3 g6 6. g3 d6 7. Bg2 Bd7 8. O-O Bg7 9. e3 Qa5 10. Bd2 Qb6 11. Nxc6 Bxc6 12. b3 h5 13. e4 h4 14. Be3 Qa5 15. Rc1 hxg3 16. hxg3 Rd8 17. Re1 Ng4 18. Qxg4 Bxc3 19. Red1 Bb4 20. Qe2 Qh5 21. Qxh5 Rxh5 22. Bf3 Re5 23. Bxa7 Bxe4 24. Bxe4 Rxe4 25. Be3 Ra8 26. Rc2 Ra6 27. Rd5 b6 28. Kg2 Kd7 29. Kf3 f5 30. Rd4 Re5 31. Rd1 Bc5 32. Bd2 Bd4 33. Be1 Re4 34. Kg2 Bf6 35. f3 Rd4 36. Rxd4 Bxd4 37. Bf2 Be5 38. Kf1 Kc6 39. Ke2 Ra8 40. Rd2 Bc3 41. Rc2 Bb4 42. Kf1 g5 43. Be3 Rg8 44. Rh2 f4 45. gxf4 gxf4 46. Bxf4 Rf8 47. Be3 Rxf3+ 48. Ke2 Rg3 49. Kf2 Be1+ 50. Ke2 Bc3 51. Bf2 Rg7 52. Rh5 Be5 53. Kf3 b5 54. c5 Rf7+ 55. Ke2 Rf8 56. cxd6 exd6 57. Rh7 b4 58. Be3 Bc3 59. Kd3 Rf3 60. Rh2 d5 61. Ke2 Rf6 62. Rh6 Rxh6 63. Bxh6 d4 1/2-1/2

[Event "VII Famalicao Open 2019"]
[Site "Famalicao"]
[Date "2019.07.31"]
[Round "5.13"]
[White "Branco, Ricardo Joao"]
[Black "Novais, Carlos"]
[Result "1/2-1/2"]
[ECO "C00"]
[WhiteElo "1864"]
[BlackElo "2077"]
[Annotator "NA"]
[PlyCount "62"]
[EventDate "2019.07.28"]
[EventType "swiss"]
[EventCountry "POR"]
[SourceTitle "playchess.com"]
[Source "ChessBase"]
[SourceQuality "1"]
[TimeControl "5400+30"]

1. e4 e6 2. d4 d5 3. Bd3 c5 4. c3 Nc6 5. exd5 exd5 6. Nf3 Bg4 7. O-O c4 8. Re1+ Be7 9. Bc2 Nf6 10. h3 Bh5 11. a4 O-O 12. b3 cxb3 13. Bxb3 Na5 14. Bc2 Nc4 15. Nbd2 Nd6 16. Ba3 Rc8 17. Qc1 Re8 18. Qb2 Rc7 19. Bd3 Bg6 20. Bxg6 hxg6 21. Ne5 Bf8 22. Rac1 Qc8 23. Qb3 Nde4 24. Nxe4 Nxe4 25. Bxf8 Rxf8 26. Qxd5 Nxc3 27. Rxc3 Rxc3 28. Nxg6 Rc7 29. Ne7+ Rxe7 30. Rxe7 Qc1+ 31. Kh2 Qf4+ 1/2-1/2

[Event "VII Famalicao Open 2019"]
[Site "Famalicao"]
[Date "2019.07.31"]
[Round "5.14"]
[White "Garijo Perez, Hugo"]
[Black "Silva, Mariana Sofia T."]
[Result "1-0"]
[ECO "B27"]
[WhiteElo "1648"]
[BlackElo "1872"]
[Annotator "NA"]
[PlyCount "102"]
[EventDate "2019.07.28"]
[EventType "swiss"]
[EventCountry "POR"]
[SourceTitle "playchess.com"]
[Source "ChessBase"]
[SourceQuality "1"]
[TimeControl "5400+30"]

1. e4 c5 2. Nf3 g6 3. d4 cxd4 4. Nxd4 Nc6 5. Nc3 Bg7 6. Be3 Nf6 7. Bc4 O-O 8. Bb3 Re8 9. f3 e6 10. O-O d5 11. exd5 exd5 12. Bf2 Ne5 13. Re1 Nc4 14. Rxe8+ Nxe8 15. Qe2 Nb6 16. Rd1 Nc7 17. Bg3 Ne6 18. Nxe6 Bxe6 19. Be5 Rc8 20. Bxg7 Kxg7 21. Qe5+ Qf6 22. Qd4 Qxd4+ 23. Rxd4 Kf6 24. Nd1 Ke5 25. c3 g5 26. Nf2 Bf5 27. Nd1 h5 28. Ne3 Be6 29. g3 Rg8 30. Kf2 f6 31. h4 Rc8 32. Ng2 Bf7 33. f4+ gxf4 34. Nxf4 Nc4 35. Bxc4 dxc4 36. Rd7 Be8 37. Rxb7 Bc6 38. Rxa7 Rb8 39. Re7+ Kf5 40. Re2 Kg4 41. Ng2 Bxg2 42. Kxg2 Rd8 43. Re4+ Kf5 44. Rd4 Rb8 45. Rd2 Ke4 46. Kf2 Rb5 47. Ke2 Rb8 48. a3 Rb7 49. Rd4+ Ke5 50. Rxc4 Rxb2+ 51. Kf3 f5 1-0

[Event "VII Famalicao Open 2019"]
[Site "Famalicao"]
[Date "2019.08.01"]
[Round "7.14"]
[White "Garijo Perez, Hugo"]
[Black "Forgas Moreno, Yaniela"]
[Result "1-0"]
[ECO "B90"]
[WhiteElo "1648"]
[BlackElo "2272"]
[Annotator "RC"]
[PlyCount "112"]
[EventDate "2019.07.28"]
[EventType "swiss"]
[EventCountry "POR"]
[SourceTitle "playchess.com"]
[Source "ChessBase"]
[SourceQuality "1"]
[TimeControl "5400+30"]

1. e4 c5 2. Nf3 d6 3. d4 cxd4 4. Nxd4 Nf6 5. Nc3 a6 6. Rg1 e5 7. Nb3 Be6 8. g4 d5 9. g5 Nxe4 10. Nxe4 dxe4 11. Qxd8+ Kxd8 12. Bg2 Bf5 13. Be3 Kc7 14. Nd2 Nc6 15. c3 Ne7 16. Bxe4 Bxe4 17. Nxe4 Nd5 18. O-O-O Kc6 19. Rd2 Be7 20. c4 Nc7 21. Rgd1 Rad8 22. Rxd8 Rxd8 23. Rxd8 Bxd8 24. Kc2 Ne6 25. Kd3 Be7 26. a3 a5 27. Kc3 f5 28. gxf6 gxf6 29. Ng3 a4 30. f3 Bf8 31. h4 Nd8 32. h5 Nf7 33. Kd3 Nd6 34. c5 Nb5 35. Kc4 Nc7 36. Ne4 Nd5 37. Bf2 Bh6 38. Nc3 Nxc3 39. Kxc3 Kd5 40. Kb4 Bc1 41. Kc3 f5 42. Kc2 Bg5 43. b4 axb3+ 44. Kxb3 Be7 45. Kb4 Kc6 46. Kc4 Bg5 47. Bg3 e4 48. f4 Bf6 49. Bf2 Bb2 50. Be3 Bxa3 51. h6 Bb2 52. Kb3 Bf6 53. Kc4 Be7 54. Bd2 Bxc5 55. Be1 b5+ 56. Kb3 Bf8 1-0

[Event "VII Famalicao Open 2019"]
[Site "Famalicao"]
[Date "2019.08.02"]
[Round "8.9"]
[White "Fernandes, Miguel"]
[Black "Rodrigues, Afonso"]
[Result "1-0"]
[ECO "D15"]
[WhiteElo "2118"]
[BlackElo "2134"]
[Annotator "ChessBase"]
[PlyCount "61"]
[EventDate "2019.07.28"]
[EventType "swiss"]
[EventCountry "POR"]
[SourceTitle "playchess.com"]
[Source "ChessBase"]
[SourceQuality "1"]
[TimeControl "5400+30"]

1. d4 d5 2. c4 c6 3. Nc3 Nf6 4. Nf3 a6 5. cxd5 cxd5 6. Bf4 Nc6 7. e3 Bf5 8. Nh4 Bc8 9. Bd3 h6 10. Nf3 g5 11. Bg3 Bg7 12. Ne5 Nd7 13. Nxc6 bxc6 14. Rc1 e5 15. dxe5 Nxe5 16. O-O O-O 17. Na4 Bd7 18. b3 Qe7 19. Nb6 Ra7 20. Nxd7 Qxd7 21. Bxe5 Bxe5 22. Qc2 Rc7 23. Bxa6 c5 24. Qe2 Qd6 25. g3 f5 26. Rfd1 Kh8 27. Bc4 d4 28. f4 Bf6 29. Rd3 Re7 30. Qf3 Rxe3 31. Qxe3 1-0

[Event "VII Famalicao Open 2019"]
[Site "Famalicao"]
[Date "2019.08.02"]
[Round "8.10"]
[White "Forgas Moreno, Yaniela"]
[Black "Guimaraes, Alvaro"]
[Result "1-0"]
[ECO "C11"]
[WhiteElo "2272"]
[BlackElo "1796"]
[Annotator "ChessBase"]
[PlyCount "45"]
[EventDate "2019.07.28"]
[EventType "swiss"]
[EventCountry "POR"]
[SourceTitle "playchess.com"]
[Source "ChessBase"]
[SourceQuality "1"]
[TimeControl "5400+30"]

1. e4 e6 2. d4 d5 3. Nc3 Nf6 4. e5 Nfd7 5. f4 c5 6. Nf3 Nc6 7. Be3 a6 8. Qd2 b5 9. Be2 Qc7 10. Nd1 cxd4 11. Nxd4 Bc5 12. c3 O-O 13. O-O Bb7 14. b4 Bxd4 15. Bxd4 Rac8 16. Bd3 Nb6 17. Bc5 Ne7 18. Bd6 Qd7 19. Qf2 Nc4 20. Bxh7+ Kxh7 21. Qh4+ Kg8 22. Bxe7 Rfe8 23. Bf6 1-0

[Event "VII Famalicao Open 2019"]
[Site "Famalicao"]
[Date "2019.08.02"]
[Round "8.11"]
[White "Monteiro, Paulo"]
[Black "Pintor, Simao"]
[Result "0-1"]
[ECO "A08"]
[WhiteElo "1737"]
[BlackElo "2082"]
[Annotator "NA"]
[PlyCount "70"]
[EventDate "2019.07.28"]
[EventType "swiss"]
[EventCountry "POR"]
[SourceTitle "playchess.com"]
[Source "ChessBase"]
[SourceQuality "1"]
[TimeControl "5400+30"]

1. Nf3 d5 2. g3 c5 3. Bg2 Nc6 4. O-O Nf6 5. d4 e6 6. c3 Bd6 7. Bf4 Qc7 {[%emt 0:03:07] D02: 1 d4 d5 2 Nf3 sidelines, including 2...Nf6 3 g3 and 2...Nf6 3 Bf4} 8. Bxd6 Qxd6 9. Nbd2 O-O 10. Re1 e5 $146 ({Predecessor:} 10... cxd4 11. cxd4 Bd7 12. a3 {0-1 (51) Vladimirov,Y (2585)-Psakhis,L (2570) Moscow 1992}) 11. dxe5 Nxe5 12. Nxe5 Qxe5 13. e4 Bg4 ({Better is} 13... dxe4 $1 $14 14. Nxe4 Nxe4) 14. exd5 {[%emt 0:08:03] Discovered Attack} Qh5 15. Qb3 Rad8 16. c4 Rd6 (16... b6 $142 17. Qa4 Qf5) 17. Nf1 Bh3 18. Bxh3 Qxh3 19. Qf3 Ng4 20. Qg2 Qh5 21. Ne3 (21. b3 $18) 21... Ne5 22. g4 Nxg4 23. Nxg4 Rg6 24. h3 f5 25. f3 Qg5 {[%emt 0:09:21] [#] Pin} 26. Re2 (26. Rad1 $1 $16 Qf4 {[%mdl 64] Pin} 27. Rf1) 26... Qf4 {[%emt 0:01:09] Pin} 27. Rc2 $11 h5 {[%emt 0:01:06] Pin} 28. Rf1 fxg4 29. fxg4 Qd4+ 30. Kh1 Rxf1+ 31. Qxf1 hxg4 32. Rg2 Qe4 33. hxg4 Rh6+ 34. Kg1 Qd4+ 35. Qf2 Qd1+ 0-1

[Event "VII Famalicao Open 2019"]
[Site "Famalicao"]
[Date "2019.08.02"]
[Round "8.12"]
[White "Santos, Jose Miguel Sereno"]
[Black "Leonardo, Joao"]
[Result "1/2-1/2"]
[ECO "B07"]
[WhiteElo "1702"]
[BlackElo "2227"]
[Annotator "ChessBase"]
[PlyCount "105"]
[EventDate "2019.07.28"]
[EventType "swiss"]
[EventCountry "POR"]
[SourceTitle "playchess.com"]
[Source "ChessBase"]
[SourceQuality "1"]
[TimeControl "5400+30"]

1. e4 d6 2. d4 Nf6 3. Nc3 Nc6 4. Nf3 Bg4 5. Be2 e5 6. Be3 Be7 7. O-O O-O 8. h3 Bh5 9. a4 a6 10. Qd2 Re8 11. Rfd1 Bg6 12. Bd3 Bf8 13. dxe5 dxe5 14. Qc1 Qc8 15. Nh4 Nb4 16. Nxg6 Nxd3 17. cxd3 hxg6 18. Qc2 Qe6 19. d4 exd4 20. Bxd4 c6 21. a5 Rad8 22. f3 Rxd4 23. Rxd4 Bc5 24. Ne2 Qe5 25. Qc3 Rd8 26. Rad1 Nh5 27. g4 Nf4 28. Kh1 Bxd4 29. Rxd4 Rxd4 30. Qxd4 Qxd4 31. Nxd4 Nxh3 32. Nb3 Nf2+ 33. Kg2 Nd3 34. Kf1 Kf8 35. Ke2 Nf4+ 36. Ke3 Ne6 37. f4 Ke7 38. f5 gxf5 39. gxf5 Nd8 40. Kd4 f6 41. Kc5 Nf7 42. Kb6 Nd6 43. Nc5 Nc4+ 44. Kxb7 Nxa5+ 45. Kb6 Nc4+ 46. Kxc6 Nxb2 47. Nxa6 Nd1 48. Nc7 Nf2 49. Kd5 Ng4 50. Ne6 Kf7 51. Nf4 Ne5 52. Ne6 Nd3 53. Kd4 1/2-1/2